 Dungeon Crawl Stone Soup version 0.30.1 (webtiles) character file.

Game seed: 5107571548271499626

105 javelincjr the Caller (level 4, -2/27 HPs)
             Began as an Octopode Summoner on July 3, 2023.
             Slain by an orc
             ... wielding a +0 club
              (3 damage)
             ... on level 5 of the Dungeon.
             The game lasted 00:07:43 (2525 turns).

javelincjr the Caller (Octopode Summoner)           Turns: 2525, Time: 00:07:44

Health: -2/27      AC:  1    Str:  7    XL:     4   Next: 83%
Magic:  8/8        EV: 13    Int: 19    God:
Gold:   99         SH:  0    Dex: 12    Spells: 2/8 levels left

rFire   + . .        q - +4 mace of the Illusory Invaders {holy, rF++ Will+}
rCold   + . .        (no shield)
rNeg    . . .        (helmet restricted)
rPois   .            (no amulet)
rElec   .            m - ring of ice
rCorr   .            (no ring)
SInv    .            (no ring)
Will    +....        (no ring)
Stlth   +++          (no ring)
HPRegen 0.24/turn    (no ring)
MPRegen 0.11/turn    (no ring)
                     (no ring)

%: no passive effects
@: lethally poisoned (-2 -> -4), hasted, very quick
A: almost no armour, amphibious, 8 rings, camouflage 1, gelatinous body 1,
(nimble swimmer 1), tentacles
a: no special abilities


You were on level 5 of the Dungeon.
You visited 1 branch of the dungeon, and saw 5 of its levels.

You collected 99 gold pieces.

Inventory:

Hand Weapons
 e - a +2 dagger of flaming
 o - a +0 short sword of draining
 q - the +4 mace of the Illusory Invaders (weapon) {holy, rF++ Will+}
   (You found it on level 2 of the Dungeon)

   rF:        It greatly protects you from fire.
   Will:      It increases your willpower.
 t - a +0 trident of freezing
Jewellery
 m - a ring of ice (left tentacle)
 s - a ring of positive energy
Scrolls
 c - a scroll of fog {unknown}
 g - a scroll of poison {unknown}
 j - a scroll of amnesia {unknown}
 k - 2 scrolls of enchant armour {unknown}
 n - 8 scrolls of identify {unknown}
 p - a scroll of noise {unknown}
 r - 2 scrolls of magic mapping {unknown}
Potions
 a - 4 potions of magic
 b - a potion of haste
 d - 2 potions of berserk rage {unknown}
 f - a potion of mutation {unknown}
 h - a potion of lignification {unknown}
 i - 3 potions of curing {unknown}
 l - a potion of resistance {unknown}
 u - 2 potions of flight {unknown}


   Skills:
 + Level 3.0 Dodging
 + Level 4.1 Stealth
 + Level 2.8 Spellcasting
 + Level 4.5 Summonings


You had 2 spell levels left.
You knew the following spells:

 Your Spells              Type           Power      Damage    Failure   Level
a - Summon Small Mammal   Summ           76%        N/A       2%          1
b - Call Imp              Summ           38%        N/A       3%          2
c - Call Canine Familiar  Summ           19%        N/A       8%          3

Your spell library contained the following spells:

 Spells                   Type           Power      Damage    Failure   Level
 Summon Guardian Golem    Hex/Summ       11%        N/A       19%         3
 Ignite Poison            Fire/Tmut/Pois 2%         N/A       43%         3
 Summon Lightning Spire   Summ/Air       11%        N/A       52%         4
 Sticky Flame             Conj/Fire      2%         2d3       83%         4
 Ignition                 Fire           1%         3d3       100%        8


Dungeon Overview and Level Annotations

Branches:
Dungeon (4/15)
 Temple: D:4-7

Altars:

Shops:
D:1 :?   D:2 *


Innate Abilities, Weirdness & Mutations

You cannot wear most types of armour.
You are amphibious.
You can wear up to eight rings at the same time.
Your skin changes colour to match your surroundings (Stealth+).
Your rubbery body absorbs attacks. (AC +1, EV +1)
((You are camouflaged when in or above water. (Stealth+)))
You have tentacles for arms and can constrict up to eight enemies at once.


Message History

Things that are here:
a +0 hand axe; a +0 ring mail The orc hits you with a +0 whip of venom.
You are poisoned.
You completely miss the orc. Your grab misses the orc.
Your squeeze misses the orc.
You feel very sick.
Your hound bites the orc but does no damage.
The orc misses you.
Your cerulean imp closely misses the orc.
Your hound barely misses the orc.
The adder closely misses your hound.
You hit the orc. Your grab misses the orc.
You squeeze the orc, but do no damage.
The orc is lightly wounded.
You feel very sick.
Your hound bites the orc but does no damage.
The orc barely misses you. The orc completely misses your hound.
The adder misses your hound.
Your hound bites the orc.
The orc closely misses your hound. The adder closely misses your hound.
You barely miss the orc. Your grab misses the orc.
You squeeze the orc, but do no damage.
You feel sick.
Your hound closely misses the orc.
Your cerulean imp hits the orc from afar with a -3 spear.
The adder barely misses your hound. The orc closely misses your hound.
The orc misses you.
Your hound bites the orc.
The orc dies!
Your cerulean imp closely misses the orc.
You completely miss the orc. Your grab misses the orc.
You squeeze the orc, but do no damage.
You feel sick.
Your cerulean imp disappears in a puff of smoke!
The adder closely misses your hound. The orc closely misses your hound.
The orc closely misses you.
Your hound bites the orc.
The orc dies!
The orc closely misses you. The iguana bites you!
* * * LOW HITPOINT WARNING * * *
It was a potion of haste.
You feel yourself speed up.
* * * LOW HITPOINT WARNING * * *
You feel sick.
Your hound barely misses the orc.
The orc hits you with a +0 club.
You die...

.# .##. .# ... <# #
.##.. .## .# .....# ..
....... .#
.....)##.##....#..#.#
.....ho§.........#..
.....Sl@.#####.....##
........#)..>.........#
....... #.#####.#.....#
.........#...#...#.....#
#.......##.#...###.....#
.........#.......#.....#
.............###...#.###
.............# #..##.#
......<......#
##..†.######


You could see an iguana, an adder, an orc (ally target) and a friendly hound
(summoned).

Vanquished Creatures
  6 worms
  2 orcs
  4 ball pythons
  8 bats
  4 endoplasms
  A giant cockroach (D:1)
  9 goblins
  3 hobgoblins
  6 frilled lizards
  3 kobolds (D:2)
  5 rats
51 creatures vanquished.

Vanquished Creatures (collateral kills)
  An adder (D:5)
  2 orcs (D:5)
  An endoplasm (D:2)
  4 goblins
  3 hobgoblins
  2 quokkas
  2 ball pythons
  A bat (D:1)
  2 frilled lizards
  2 kobolds (D:1)
  2 rats
22 creatures vanquished.

Grand Total: 73 creatures vanquished

Notes
Turn   | Place    | Note
-------+----------+-------------------------------------------
     0 | D:1      | javelincjr the Octopode Summoner began the quest for the
                  | Orb.
     0 | D:1      | Reached XP level 1. HP: 11/11 MP: 3/3
    52 | D:1      | Found Teobras's Vocational Training.
   106 | D:1      | Found Todecout's Magic Scroll Shoppe.
   242 | D:1      | Reached XP level 2. HP: 17/17 MP: 3/5
   455 | D:1      | Learned a level 2 spell: Call Imp
   667 | D:1      | Reached XP level 3. HP: 21/21 MP: 6/6
  1404 | D:2      | Found Heff's Assorted Antiques.
  1435 | D:2      | Reached XP level 4. HP: 18/27 MP: 4/7
  1479 | D:2      | Identified the +4 mace of the Illusory Invaders {holy, rF++
                  | Will+}
  1605 | D:2      | Found a faded altar of an unknown god.
  1879 | D:3      | Learned a level 3 spell: Call Canine Familiar
  2427 | D:4      | You fall into a shaft and drop 1 floor!
  2427 | D:5      | Entered Level 5 of the Dungeon
  2524 | D:5      | HP: 1/27 [iguana (13)]
  2525 | D:5      | Slain by an orc

Illustrated notes

Levels and vault maps discovered:
D:1:      dpeg_arrival_ternary, layout_loops_ring, serial_shops, shop,
          nrook_uturn, hex_large, amcnicky_mini_corridor_feature,
          minmay_liquid_box, nicolae_shop_vocational
D:2:      layout_rooms, serial_shops, shop, nicolae_ecumenical_oubliette
D:3:      layout_basic
D:4:      layout_rooms, grunt_ministairs_14, uniq_natasha
D:5:      layout_rooms, okawaru_metal_pillars_1_2, minmay_temple_entry_glass

Skill      XL: |  1  2  3  4 |
---------------+-------------+-----
Stealth        | 3 4 |  4.1
Dodging        | 3 |  3.0
Spellcasting   | |  2.8
Summonings     | |  4.5

Action                     |  1- 3 |  4- 6 || total
---------------------------+-------+-------++-------
  Melee: Unarmed           |    22 |       ||    22
         Tentacles         |    11 |    11 ||    22
         Constrict         |    14 |     9 ||    23
         Dagger            |    39 |     2 ||    41
         Mace              |       |    37 ||    37
   Cast: Summon Small Mamm |    14 |       ||    14
         Call Imp          |    12 |     9 ||    21
         Call Canine Famil |       |     2 ||     2
    Use: Potion            |       |     1 ||     1
   Stab: Sleeping          |     4 |     4 ||     8
         Distracted        |     1 |       ||     1
 Armour: Skin              |     4 |     3 ||     7
  Dodge: Dodged            |    41 |    25 ||    66
